 Dungeon Crawl Stone Soup version 0.31-a0-845-g9abc20d24f (webtiles) character file.

Game seed: 10818736683600856723

112254 Conn the Destroyer (level 16, 0/95 HPs)
             Began as an Octopode Fire Elementalist on Oct 2, 2023.
             Was an Elder of Sif Muna.
             Killed from afar by Aizul (9 damage)
             ... with a bolt of poison
             ... on level 2 of the Lair of Beasts.
             The game lasted 02:01:18 (30605 turns).

Conn the Destroyer (Octopode Fire Elementalist)    Turns: 30605, Time: 02:01:18

Health: 0/95       AC:  3    Str:  9    XL:     16   Next: 60%
Magic:  48/48      EV:  2    Int: 31    God:    Sif Muna [****..]
Gold:   161        SH:  0    Dex: 21    Spells: 2/35 levels left

rFire   + + .        s - staff of cold
rCold   + + .        O - +3 buckler {rC+}
rNeg    + . .        p - +2 hat
rPois   +            H - amulet of magic regeneration
rElec   .            j - ring of Fiag {rC+ rN+ Str+2 Int+6 Dex+2}
rCorr   .            u - ring of protection from fire
SInv    .            w - ring of magical power
Will    +....        D - +6 ring of dexterity
Stlth   +++++        M - ring of wizardry
HPRegen 0.35/turn    N - ring of poison resistance
MPRegen 0.71/turn    P - ring of fire
                     b - ring of magical power

%: wizardry (x1)
@: sleeping, studying 3 skills
A: almost no armour, amphibious, 8 rings, camouflage 1, gelatinous body 1,
(nimble swimmer 1), tentacles
a: Renounce Religion, Channel Magic, Forget Spell, Divine Exegesis


You were on level 2 of the Lair of Beasts.
You worshipped Sif Muna.
Sif Muna was greatly pleased with you.
You visited 5 branches of the dungeon, and saw 23 of its levels.
You also visited: Ice Cave.

You collected 3564 gold pieces.
You spent 3403 gold pieces at shops.

Inventory:

Hand Weapons
 i - the +11 quarterstaff of Nafiari {drain, Int+5 Dex+3 Stlth+}
   (You found it on level 5 of the Lair of Beasts)

   Int+5:     It affects your intelligence (+5).
   Dex+3:     It affects your dexterity (+3).
   Stlth+:    It makes you more stealthy.
Missiles
 m - 2 throwing nets
 L - 2 curare-tipped darts
Armour
 p - a +2 hat (worn)
 O - a +3 buckler of cold resistance (worn)
Magical Staves
 s - a staff of cold (weapon)
Jewellery
 b - a ring of magical power (on tentacle)
 j - the ring of Fiag (left tentacle) {rC+ rN+ Str+2 Int+6 Dex+2}
   (You found it on level 3 of the Dungeon)

   [ring of intelligence]

   Str+2:     It affects your strength (+2).
   Int+6:     It affects your intelligence (+6).
   Dex+2:     It affects your dexterity (+2).
   rC+:       It protects you from cold.
   rN+:       It protects you from negative energy.
 o - an amulet of regeneration
 u - a ring of protection from fire (right tentacle)
 w - a ring of magical power (on tentacle)
 D - a +6 ring of dexterity (on tentacle)
 H - an amulet of magic regeneration (around mantle)
 M - a ring of wizardry (on tentacle)
 N - a ring of poison resistance (on tentacle)
 P - a ring of fire (on tentacle)
 V - a ring of ice
 Z - a ring of see invisible
Wands
 y - a wand of flame (23)
 A - a wand of roots (2)
 G - a wand of digging (20)
 J - a wand of quicksilver (18)
 Y - a wand of polymorph (8)
Scrolls
 g - a scroll of enchant armour
 h - 2 scrolls of teleportation
 n - a scroll of enchant weapon
 q - 2 scrolls of poison
 t - 4 scrolls of fog
 x - 2 scrolls of immolation
 z - a scroll of butterflies
 B - a scroll of silence
 E - 3 scrolls of vulnerability
 Q - a scroll of noise
 S - a scroll of identify
 U - a scroll of revelation
Potions
 a - 2 potions of magic
 c - 2 potions of mutation
 d - 3 potions of brilliance
 e - 3 potions of berserk rage
 f - 2 potions of enlightenment
 k - 2 potions of heal wounds
 l - 9 potions of curing
 r - a potion of cancellation
 v - a potion of attraction
 C - a potion of lignification
 F - 2 potions of might
 T - a potion of ambrosia
 W - a potion of haste
Miscellaneous
 I - a sack of spiders
 R - a phantom mirror


   Skills:
 + Level 4.1 Fighting
 + Level 6.0 Staves
 - Level 7.1 Dodging
 - Level 7.0 Stealth
 + Level 9.5 Shields
 + Level 10.3 Spellcasting
 + Level 12.4 Conjurations
 - Level 5.0 Hexes
 - Level 5.1 Summonings
 + Level 7.2 Translocations
 + Level 11.9 Fire Magic
 - Level 12.1 Ice Magic
 * Level 12.1 Invocations


You had 2 spell levels left.
You knew the following spells:

 Your Spells              Type           Power      Damage    Failure   Level
a - Foxfire               Conj/Fire      100%       2x1d9     1%          1
b - Scorch                Fire           100%       2d9       1%          2
c - Inner Flame           Hex/Fire       80%        N/A       1%          3
d - Flame Wave            Conj/Fire      95%        2d20      1%          4
e - Ozocubu's Armour      Ice            95%        N/A       1%          3
f - Summon Guardian Gole  Hex/Summ       47%        N/A       1%          3
g - Call Canine Familiar  Summ           47%        N/A       1%          3
h - Mephitic Cloud        Conj/Pois/Air  41%        N/A       1%          3
i - Metabolic Englaciati  Hex/Ice        40%        N/A       1%          5
j - Blink                 Tloc           100%       N/A       1%          2
k - Iskenderun's Mystic   Conj/Tloc      67%        2d14      1%          4

Your spell library contained the following spells:

 Spells                   Type           Power      Damage    Failure   Level
 Apportation              Tloc           100%       N/A       1%          1
 Magic Dart               Conj           100%       1d8       1%          1
 Sting                    Tmut/Pois      60%        1d6       1%          1
 Summon Small Mammal      Summ           100%       N/A       1%          1
 Ensorcelled Hibernation  Hex/Ice        100%       N/A       1%          2
 Jinxbite                 Hex            92%        N/A       1%          2
 Searing Ray              Conj           100%       2d8       1%          2
 Passwall                 Tmut/Erth      12%        N/A       2%          2
 Poisonous Vapours        Pois/Air       30%        N/A       2%          2
 Dazzling Flash           Conj/Hex       100%       N/A       1%          3
 Frozen Ramparts          Ice            100%       1d16      1%          3
 Ignite Poison            Fire/Tmut/Pois 57%        N/A       1%          3
 Stone Arrow              Conj/Erth      100%       3d13      1%          3
 Teleport Other           Tloc           57%        N/A       1%          3
 Tukima's Dance           Hex            46%        N/A       1%          3
 Volatile Blastmotes      Fire/Tloc      100%       2d18      1%          3
 Brom's Barrelling Bould  Conj/Erth      53%        2d7       1%          4
 Fulminant Prism          Conj/Hex       31%        3d16      1%          4
 Manifold Assault         Tloc           57%        N/A       1%          4
 Passage of Golubria      Tloc           57%        N/A       1%          4
 Fireball                 Conj/Fire      47%        3d19      1%          5
 Freezing Cloud           Conj/Ice/Air   39%        6-21      1%          5
 Iskenderun's Battlesphe  Conj           76%        2d12      1%          5
 Starburst                Conj/Fire      47%        6d13      1%          6
 Summon Forest            Summ/Tloc      26%        N/A       3%          5
 Anguish                  Hex/Necr       15%        N/A       6%          4
 Leda's Liquefaction      Hex/Erth       15%        N/A       6%          4
 Orb of Destruction       Conj           38%        9d11      9%          7
 Animate Dead             Necr           15%        N/A       16%         4
 Olgreb's Toxic Radiance  Pois           15%        N/A       16%         4
 Petrify                  Tmut/Erth      15%        N/A       16%         4
 Yara's Violent Unravell  Hex/Tmut       15%        3d8       16%         5
 Bombard                  Conj/Erth      26%        9d5       21%         6
 Simulacrum               Ice/Necr       34%        N/A       21%         6
 Plasma Beam              Fire/Air       34%        2x1d47    22%         6
 Summon Cactus Giant      Summ           23%        N/A       30%         6
 Spellforged Servitor     Conj/Summ      31%        N/A       34%         7
 Alistair's Intoxication  Tmut/Pois      10%        N/A       41%         5
 Borgnjor's Vile Clutch   Necr/Erth      7%         N/A       41%         5
 Death Channel            Necr           7%         N/A       92%         6
 Eringya's Noxious Bog    Tmut/Pois      7%         4d6       92%         6
 Maxwell's Capacitive Co  Air            7%         ∞         100%        8


Dungeon Overview and Level Annotations

Branches:
Dungeon (14/15)            Temple (1/1) D:6            Lair (5/5) D:11
 Shoals (1/4) Lair:2       Spider (0/4) Lair:3        Slime (0/5) Lair:4
    Orc (2/2) D:12            Elf (0/3) Orc:2        Vaults (0/5) D:14
  IceCv (visited)

Altars:
Ashenzari
Cheibriados
Dithmenos
Elyvilon
Fedhas
Gozag
Hepliaklqana
Kikubaaqudgha
Makhleb
Nemelex Xobeh
Okawaru
Qazlal
Ru
Sif Muna
Trog
Uskayaw
Vehumet
Wu Jian
Xom
Yredelemnul
Zin
The Shining One

Shops:
D:13 [   Orc:1 :   Orc:2 [*(:

Annotations:
D:3 3 runed translucent doors, dittoslash's ghost, amateur DjGl
Temple 2 transporters
Lair:2 1 runed translucent door, Aizul; Nattfarinn's ghost, journeyman DjVM
Lair:4 2 transporters


Innate Abilities, Weirdness & Mutations

You cannot wear most types of armour.
You are amphibious.
You can wear up to eight rings at the same time.
Your skin changes colour to match your surroundings (Stealth+).
Your rubbery body absorbs attacks. (AC +1, EV +1)
((You are camouflaged when in or above water. (Stealth+)))
You have tentacles for arms and can constrict up to eight enemies at once.


Message History

Aizul casts a spell at you.
You fall asleep.
You wake up.
Aizul coils herself and waves her upper body at you.
The bolt of poison hits you. You resist. Aizul casts a spell at you.
The poison arrow hits you!!
You are poisoned.
You partially resist.
* * * LOW HITPOINT WARNING * * *
Unknown command.
You feel better.
You feel less invigorated. Aizul casts a spell at you.
The bolt of poison misses you.
Aizul coils herself and waves her upper body at you.
The poison arrow hits you!
You are poisoned.
You partially resist.
* * * LOW HITPOINT WARNING * * *
You feel very sick.
Press: ? - help, v - describe, . - travel
Here: Aizul (severely wounded, slow)
The floor.
Unknown command.
Unknown command.
Unknown command.
You feel sick.
You feel sick.
You feel sick.
You feel sick.
Aizul is no longer moving slowly.
You feel sick.
Aizul hisses menacingly.
You feel sick. Aizul casts a spell at you.
You fall asleep.
You feel sick. x2
You are no longer poisoned.
Aizul coils herself and waves her upper body at you.
The bolt of poison hits you! You resist.
You die...

............###..#.#######......#
.###.....#.......#.#########...##
+.##.....#.........#.......#...#
..#................#........#..#
<.##.^..............#..........##
..#......P.........#.......##...#
..##.....#..........#......#....#
..#...>..........#.#..#.####...##
.P##.....P......@#....##.#..#..##
..#P.....#.......#..............#
..........#...#P...............##
................................#
................................#
....................S..........#.
.P##............................#
.###.................P...P...#.##
..##...##.'##..P#P..#...........#


You could see Aizul.

Vanquished Creatures
  Gastronok (Lair:1)
  An orc warlord (Orc:2)
  Nessos (Lair:5)
  Snorg (Lair:3)
  2 hydras
  Fannar (Orc:1)
  A vault guard (D:14)
  An ice dragon (Lair:5)
  2 ogre magi (D:14)
  A catoblepas (D:13)
  3 boulder beetles
  3 centaur warriors (D:13)
  10 two-headed ogres
  4 death yaks
  6 orc high priests (Orc:2)
  Sonja (D:10)
  A deep elf knight (D:14)
  5 skysharks
  Amaemon (Lair:1)
  A skeletal warrior (D:14)
  3 lindwurms
  A harpy (shapeshifter) (D:14)
  6 wizards (D:12)
  A deep elf pyromancer (D:14)
  4 orc knights
  4 orc sorcerers
  3 cyclopes
  8 ugly things
  A manticore (D:14)
  5 slime creatures
  4 ice statues
  A torpor snail (Lair:5)
  5 black mambas
  16 cane toads
  5 gargoyles
  An orange demon (Lair:1)
  Maggie (Lair:2)
  2 komodo dragons
  3 kobold demonologists
  3 rime drakes
  A freezing wraith (IceCv)
  An anaconda simulacrum (IceCv)
  2 tengu conjurers (D:12)
  6 trolls
  A meliai (Lair:3)
  15 polar bears
  A hornet (D:11)
  43 blink frogs
  2 centaur simulacra (D:12)
  14 dream sheep
  2 wyverns
  2 shadows
  2 wraiths
  54 yaks
  7 basilisks
  11 vampire mosquitoes
  A death yak simulacrum (IceCv)
  A steam dragon (Lair:2)
  A harpy simulacrum (IceCv)
  3 swamp worms (D:7)
  5 wargs
  2 acid dragons
  A two-headed ogre zombie (D:10)
  18 water moccasins
  A hornet zombie (D:5)
  12 ice beasts
  22 orc warriors
  A sky beast (D:8)
  2 black bears
  19 ogres
  2 wolves
  5 boggarts (D:11)
  12 centaurs
  2 phantoms
  4 kobold brigands
  Blork the orc (D:4)
  18 bullfrogs
  2 gnoll sergeants (D:8)
  A cane toad simulacrum (IceCv)
  5 scorpions
  13 wights
  10 killer bees
  2 elephant simulacra (IceCv)
  4 howler monkeys
  4 electric eels
  A centaur zombie (D:5)
  4 hounds
  A quasit (D:6)
  2 jellies
  9 orc priests
  A bullfrog skeleton (D:5)
  A sleepcap (D:4)
  3 iguanas
  12 orc wizards
  A polar bear simulacrum (IceCv)
  A wolf simulacrum (IceCv)
  An ogre zombie (D:10)
  2 hound zombies (D:5)
  19 gnolls
  2 howler monkey skeletons (D:5)
  8 adders
  3 shadow imps
  3 white imps
  2 ufetubi
  An adder zombie (D:5)
  An adder skeleton (D:5)
  A worm (D:3)
  4 dart slugs
  43 orcs
  6 bats
  11 endoplasms
  4 giant cockroaches
  11 goblins
  12 hobgoblins
  2 jackals (D:1)
  6 quokkas
  3 ball pythons
  2 frilled lizards
  15 kobolds
  7 rats
  2 fulminant prisms (IceCv)
669 creatures vanquished.

Vanquished Creatures (collateral kills)
  A vault guard (D:14)
  An ufetubus (D:12)
  18 foxfires
20 creatures vanquished.

Vanquished Creatures (others)
  A hydra (Lair:4)
  A vault guard (D:14)
  An ogre mage (D:10)
  A boulder beetle (D:13)
  3 two-headed ogres (D:10)
  A death yak (Lair:3)
  Urug (D:11)
  2 skeletal warriors (D:14)
  4 ugly things (D:14)
  A vampire mosquito (D:14)
  An orc warrior (D:12)
  2 ogres (D:10)
  A worm (D:3)
  An orc (D:12)
  1905 foxfires
  19 fulminant prisms
1945 creatures vanquished.

Grand Total: 2634 creatures vanquished

Notes
Turn   | Place    | Note
-------+----------+-------------------------------------------
     0 | D:1      | Conn the Octopode Fire Elementalist began the quest for the
                  | Orb.
     0 | D:1      | Reached XP level 1. HP: 11/11 MP: 3/3
   236 | D:1      | Reached XP level 2. HP: 11/17 MP: 5/5
  1047 | D:1      | Reached XP level 3. HP: 21/21 MP: 2/6
  1050 | D:1      | Learned a level 2 spell: Scorch
  1054 | D:1      | Learned a level 3 spell: Inner Flame
  1221 | D:2      | You fall into a shaft and drop 1 floor!
  1424 | D:3      | Found a faded altar of an unknown god.
  1623 | D:2      | Reached XP level 4. HP: 22/27 MP: 1/7
  2021 | D:2      | Found a sparkling altar of Nemelex Xobeh.
  2117 | D:2      | Reached skill level 1 in Hexes
  2299 | D:2      | Reached XP level 5. HP: 31/31 MP: 2/8
  2688 | D:3      | Found a radiant altar of Vehumet.
  2806 | D:3      | Found a runed translucent gate.
  2806 | D:3      | Found a runed translucent gate.
  2806 | D:3      | Found a runed translucent gate.
  2806 | D:3      | Noticed dittoslash's ghost (amateur DjGl)
  2872 | D:3      | Identified the ring of Fiag {rC+ rN+ Str+2 Int+6 Dex+2}
  3585 | D:4      | Noticed a centaur
  3591 | D:4      | Killed a centaur
  3592 | D:4      | Reached XP level 6. HP: 36/36 MP: 3/10
  4069 | D:4      | Noticed Blork the orc
  4075 | D:4      | Killed Blork the orc
  4359 | D:4      | Reached XP level 7. HP: 41/41 MP: 4/11
  4375 | D:4      | Reached skill level 5 in Stealth
  4819 | D:5      | Entered Level 5 of the Dungeon
  4904 | D:5      | Reached XP level 8. HP: 45/46 MP: 0/13
  5240 | D:5      | Reached skill level 5 in Fire Magic
  5513 | D:5      | Learned a level 4 spell: Flame Wave
  5517 | D:5      | Learned a level 3 spell: Ozocubu's Armour
  5616 | D:5      | Reached skill level 1 in Ice Magic
  5826 | D:5      | Found an ancient bone altar of Kikubaaqudgha.
  6165 | D:6      | Reached skill level 5 in Dodging
  6375 | D:6      | Found a staircase to the Ecumenical Temple.
  6382 | Temple   | Found a transporter.
  6382 | Temple   | Found a transporter.
  6382 | Temple   | Found a transporter.
  6382 | Temple   | Found a transporter.
  6382 | Temple   | Entered the Ecumenical Temple
  6396 | Temple   | Became a worshipper of Sif Muna the Loreminder
  6420 | D:6      | Found a white marble altar of Elyvilon.
  6420 | D:6      | Found a stormy altar of Qazlal.
  6445 | D:6      | Reached XP level 9. HP: 51/51 MP: 15/15
  6806 | D:7      | Found a hide-covered altar of Uskayaw.
  6907 | D:7      | Reached skill level 5 in Spellcasting
  6907 | D:7      | Reached skill level 5 in Conjurations
  6994 | D:7      | Noticed a two-headed ogre
  7001 | D:7      | Killed a two-headed ogre
  7604 | D:8      | Reached XP level 10. HP: 56/56 MP: 7/18
  7612 | D:7      | Reached * piety under Sif Muna
  7756 | D:8      | Learned a level 3 spell: Summon Guardian Golem
  7758 | D:8      | Learned a level 1 spell: Summon Small Mammal
  7762 | D:8      | Learned a level 3 spell: Call Canine Familiar
  7924 | D:8      | Reached skill level 1 in Summonings
  7947 | D:8      | Reached skill level 5 in Ice Magic
  7947 | D:8      | Reached skill level 1 in Invocations
  8714 | D:9      | Reached ** piety under Sif Muna
  8895 | D:9      | Noticed a two-headed ogre
  8912 | D:9      | Killed a two-headed ogre
  9011 | D:9      | Noticed a kobold demonologist
  9016 | D:9      | Killed a kobold demonologist
  9137 | D:9      | Found a blossoming altar of Fedhas.
  9185 | D:10     | Entered Level 10 of the Dungeon
  9238 | D:10     | Found a broken altar of Ashenzari.
  9307 | D:10     | Noticed Sonja
  9322 | D:10     | Killed Sonja
  9323 | D:10     | Reached XP level 11. HP: 29/61 MP: 13/21
  9475 | D:10     | Identified a scroll of acquirement
  9475 | D:10     | Acquired 1128 gold pieces
  9795 | D:10     | Reached XP level 12. HP: 66/66 MP: 22/22
 10021 | D:10     | Reached skill level 10 in Conjurations
 10415 | D:10     | Noticed a two-headed ogre
 10415 | D:10     | Noticed a two-headed ogre
 10416 | D:10     | Noticed a two-headed ogre
 10429 | D:10     | Killed a two-headed ogre
 10436 | D:10     | Killed a two-headed ogre
 10440 | D:10     | Killed a two-headed ogre
 10718 | D:10     | Noticed a two-headed ogre
 10721 | D:10     | Noticed an ogre mage
 10730 | D:10     | Killed an ogre mage
 10731 | D:10     | Killed a two-headed ogre
 10772 | D:10     | Reached skill level 5 in Invocations
 10949 | D:10     | Noticed a two-headed ogre
 10958 | D:10     | Killed a two-headed ogre
 10959 | D:10     | Reached skill level 5 in Summonings
 11010 | D:10     | Noticed a two-headed ogre
 11024 | D:10     | Killed a two-headed ogre
 11083 | D:10     | Learned a level 5 spell: Metabolic Englaciation
 11200 | D:11     | Reached *** piety under Sif Muna
 11408 | D:11     | Noticed Urug
 11432 | D:11     | Killed Urug
 11647 | D:11     | Reached XP level 13. HP: 71/71 MP: 23/25
 11744 | D:11     | Found a staircase to the Lair.
 11772 | D:11     | Acquired a +0 buckler of cold resistance
 11949 | D:11     | Reached skill level 1 in Shields
 12461 | D:11     | Reached skill level 10 in Fire Magic
 12628 | Lair:1   | Entered Level 1 of the Lair of Beasts
 12628 | Lair:1   | Noticed Gastronok
 12997 | D:12     | Found a frozen archway.
 13126 | D:12     | Reached skill level 5 in Hexes
 13233 | IceCv    | Entered an ice cave
 13247 | IceCv    | Reached **** piety under Sif Muna
 13784 | IceCv    | Learned a level 4 spell: Fulminant Prism
 14572 | D:12     | Found a staircase to the Orcish Mines.
 15548 | D:12     | Reached skill level 5 in Shields
 15883 | D:13     | Reached XP level 14. HP: 76/76 MP: 13/26
 16437 | D:13     | Found Foacke's Antique Armour Shoppe.
 17754 | D:14     | Reached ***** piety under Sif Muna
 17962 | D:14     | Got a disorganized book
 17973 | D:14     | Received a gift from Sif Muna
 19042 | D:14     | Found a gate to the Vaults.
 19321 | Orc:1    | Entered Level 1 of the Orcish Mines
 19399 | Orc:1    | Reached skill level 10 in Invocations
 19476 | Orc:1    | Noticed Fannar
 19490 | Orc:1    | Killed Fannar
 19945 | Orc:1    | Found Ycivaur's Self-Improvement Boutique.
 19962 | Orc:1    | Bought a manual of Staves for 1200 gold pieces
 19995 | Orc:2    | Entered Level 2 of the Orcish Mines
 20039 | Orc:2    | Found Nusk's General Store.
 20068 | Orc:2    | Reached skill level 1 in Staves
 20228 | Orc:2    | Reached XP level 15. HP: 81/81 MP: 21/28
 20241 | Orc:2    | Reached skill level 1 in Fighting
 20590 | Orc:2    | Noticed an orc warlord
 20613 | Orc:2    | Killed an orc warlord
 20614 | Orc:2    | Reached skill level 10 in Ice Magic
 21046 | Orc:2    | Found Enicuot's Antique Armour Shop.
 21057 | Orc:2    | Bought an embroidered hat for 245 gold pieces
 21467 | Orc:2    | Bought a potion of haste for 170 gold pieces
 21474 | Orc:2    | Found a staircase to the Elven Halls.
 21491 | Orc:2    | Found Gonuam's Book Emporium.
 21500 | Orc:2    | Bought an Inescapable Atlas for 224 gold pieces
 21503 | Orc:2    | Learned a level 2 spell: Blink
 21727 | Orc:2    | Found Pasmin's Antique Weapon Emporium.
 22093 | Orc:1    | Bought a manual of Translocations for 1200 gold pieces
 22316 | Lair:1   | Reached skill level 1 in Translocations
 22749 | Lair:1   | Killed Gastronok
 23100 | Lair:1   | Noticed Amaemon
 23113 | Lair:1   | Killed Amaemon
 23776 | Lair:2   | Noticed Maggie
 23790 | Lair:2   | Killed Maggie
 24399 | Lair:2   | Found a staircase to the Shoals.
 24721 | Lair:2   | Found a runed translucent door.
 24721 | Lair:2   | Found a shimmering altar of Xom.
 24721 | Lair:2   | Noticed Nattfarinn's ghost (journeyman DjVM)
 25046 | Lair:3   | Noticed Snorg
 25053 | Lair:3   | Killed Snorg
 25063 | Lair:2   | Identified Sif Muna's Enchiridion on Silt (Sif Muna gifted
                  | it to you on level 2 of the Lair of Beasts)
 25063 | Lair:2   | Received a gift from Sif Muna
 25886 | Lair:3   | Found a hole to the Spider Nest.
 25943 | Lair:3   | Reached skill level 5 in Translocations
 26692 | Lair:4   | Reached skill level 10 in Spellcasting
 26876 | Lair:4   | Found a transporter.
 26885 | Lair:4   | Reached XP level 16. HP: 93/93 MP: 30/30
 27334 | Lair:4   | Found a runed translucent door.
 27334 | Lair:4   | Found a staircase to the Slime Pits.
 27544 | Lair:4   | Found a transporter.
 27888 | Lair:5   | Entered Level 5 of the Lair of Beasts
 27891 | Lair:5   | Noticed Nessos
 28086 | Lair:5   | Reached skill level 5 in Staves
 28239 | Lair:5   | Identified Sif Muna's Writings on the Voyage and Toxicity
                  | (Sif Muna gifted it to you on level 5 of the Lair of
                  | Beasts)
 28239 | Lair:5   | Received a gift from Sif Muna
 28247 | Lair:5   | Learned a level 4 spell: Iskenderun's Mystic Blast
 28533 | Orc:2    | Bought a book of Vapours for 364 gold pieces
 28538 | Orc:2    | Learned a level 3 spell: Mephitic Cloud
 28967 | Lair:5   | Killed Nessos
 29201 | Lair:5   | Identified the +11 quarterstaff of Nafiari {drain, Int+5
                  | Dex+3 Stlth+}
 30566 | Shoals:1 | Entered Level 1 of the Shoals
 30566 | Shoals:1 | Noticed Aizul
 30605 | Lair:2   | Killed from afar by Aizul

Illustrated notes

Levels and vault maps discovered:
D:1:      giann_forest_graveyard, layout_loops_corners
D:2:      layout_basic, basic_altar
D:3:      layout_basic, fiery_altar_vehumet, nicolae_ecumenical_pavilion,
          ebering_ghost_rock_garden, minmay_pentomino_pile
D:4:      layout_loops_corners, uniq_blork_the_orc
D:5:      layout_loops_ring, marbit_many_paths, serial_undead, serial_undead_d,
          serial_undead_f, serial_undead_a, serial_undead_a
D:6:      layout_basic, gammafunk_temple_overflow_wave,
          minmay_temple_entry_wispy, serial_demonic, serial_demonic_f,
          serial_demonic_f, serial_demonic_c, serial_demonic_g,
          kennysheep_generic_room_14
D:7:      layout_rooms, nicolae_uskayaw_murder_on_the_dancefloor, worms_lemuel
D:8:      layout_rooms
D:9:      layout_roguey, fedhas_altar_fruit_tree
D:10:     lemuel_ogre_cave, layout_basic, amcnicky_altar_gilded, uniq_sonja
D:11:     layout_cave_pools, lair_entry_dummy, roderic_lattice_a,
          minmay_fractal_squares_gapless_5, uniq_urug
D:12:     minmay_wizard_corner, layout_irregular_city, erik_orc_3, serial_ice,
          serial_ice_g, serial_ice_h, serial_ice_d, serial_ice_k, serial_ice_o,
          serial_ice_m, serial_ice_c, serial_ice_b,
          portal_ice_cave_entry_pillars_2
D:13:     layout_layer_cave, serial_shops, shop
D:14:     layout_loops_cross, grunt_vaults_entry_fortified, eino_curves_01
Temple:   hellmonk_temple_divided_pantheon
Lair:1:   layout_cave_pods, evilmike_ambush [evilmike_ambush_outer_pillars,
          evilmike_ambush_inner_wall_1], uniq_gastronok, uniq_amaemon
Lair:2:   layout_regular_city, minmay_shoals_entry_centaurs, ebering_ghost_xom,
          uniq_maggie
Lair:3:   layout_regular_city, hellmonk_spider_entry_not_the_bees,
          grunt_megastairs_2, uniq_snorg
Lair:4:   gammafunk_cloud_chamber, layout_small_grid, slime_entry_2,
          hangedman_lair_unloving_vines, infiniplex_staircase_pool_2
Lair:5:   minmay_lair_end_frog_pond, layout_regular_city, ice2_lemuel,
          uniq_nessos
Shoals:1: layout_shoals, serial_shops, nicolae_shop_waterfront, uniq_aizul
Orc:1:    layout_diamond_mine, nicolae_shop_self_help, uniq_fannar
Orc:2:    grunt_orc_gardens, layout_diamond_mine, grunt_orc_garden,
          grunt_orc_garden, grunt_orc_garden, grunt_orc_garden, basic_altar,
          nicolae_orc_damp_corner

Skill      XL: |  1  2  3  4  5  6  7  8  9 10 11 12 13 14 15 16 |
---------------+-------------------------------------------------+-----
Stealth        | 3 4 5 7 |  7.0
Hexes          | 1 2 3 5 |  5.0
Conjurations   | 2 3 4 6 7 9 10 11 12 | 12.4
Dodging        | 3 4 5 6 7 |  7.1
Spellcasting   | 3 4 5 6 7 8 9 10 | 10.3
Fire Magic     | 4 5 6 9 10 11 | 11.9
Ice Magic      | 2 4 5 6 7 9 11 12 | 12.1
Summonings     | 3 5 |  5.1
Invocations    | 3 5 8 10 11 12 | 12.1
Shields        | 5 7 8 9 |  9.5
Staves         | 1 4 6 |  6.0
Fighting       | 3 4 |  4.1
Translocations | 5 7 |  7.2

Action                     |  1- 3 |  4- 6 |  7- 9 | 10-12 | 13-15 | 16-18 || total
---------------------------+-------+-------+-------+-------+-------+-------++-------
  Melee: Spear             |    17 |     6 |       |       |       |       ||    23
         Tentacles         |     2 |     8 |     3 |     2 |    17 |     5 ||    37
         Constrict         |     2 |     7 |       |     2 |    15 |     5 ||    31
         Dagger            |       |    13 |       |       |       |       ||    13
         Punch             |       |     2 |       |       |     1 |       ||     3
         Staff             |       |    12 |    14 |     5 |    47 |    15 ||    93
   Cast: Foxfire           |    42 |    98 |   108 |   129 |   588 |   127 ||  1092
         Inner Flame       |     1 |     1 |     8 |    37 |    89 |     7 ||   143
         Scorch            |       |     6 |    57 |    64 |   288 |    66 ||   481
         Flame Wave        |       |       |     4 |    17 |    87 |    43 ||   151
         Summon Small Mamm |       |       |       |     3 |       |       ||     3
         Summon Guardian G |       |       |       |    14 |    42 |     3 ||    59
         Ozocubu's Armour  |       |       |       |     5 |     7 |     2 ||    14
         Call Canine Famil |       |       |       |     3 |     7 |       ||    10
         Metabolic Englaci |       |       |       |     1 |    22 |     9 ||    32
         Fulminant Prism   |       |       |       |       |    21 |       ||    21
         Blink             |       |       |       |       |     3 |     6 ||     9
         Iskenderun's Myst |       |       |       |       |       |     8 ||     8
         Mephitic Cloud    |       |       |       |       |       |     5 ||     5
 Invoke: Channel Magic     |       |       |       |     2 |     5 |     2 ||     9
  Evoke: Wand              |       |       |       |       |     5 |     1 ||     6
    Use: Scroll            |       |     8 |       |    10 |    14 |     5 ||    37
         Potion            |       |       |     1 |     1 |     6 |     4 ||    12
   Stab: Sleeping          |     5 |     6 |       |       |     1 |       ||    12
         Distracted        |     1 |       |       |       |       |       ||     1
 Armour: Skin              |     5 |    10 |    28 |    31 |   160 |    82 ||   316
  Dodge: Dodged            |    13 |    15 |    17 |    57 |   170 |    81 ||   353
  Block: Buckler           |       |       |       |       |   143 |    66 ||   209

Table legend: (Time is in decaauts)
 A = Elapsed time spent in this place.
 B = Non-inter-level travel time spent in this place.
 C = Inter-level travel time spent in this place.
 D = Time resting spent in this place.
 E = Time spent auto-exploring this place.
 F = Levels seen in this place.
 G = Mean time per level.
                   A        B        C        D        E       F      G
               +--------+--------+--------+--------+--------+-----+--------+
         Total |  30692 |  29732 |    960 |   4327 |  17073 |  24 | 1278.8 |
       Dungeon |  18402 |  17977 |    425 |   2238 |  10819 |  14 | 1314.4 |
        Temple |     25 |     25 |      0 |      0 |      0 |   1 |   25.0 |
          Lair |   8202 |   7931 |    271 |    976 |   4881 |   5 | 1640.4 |
        Shoals |      4 |      4 |      0 |      0 |      0 |   1 |    4.0 |
  Orcish Mines |   2980 |   2718 |    262 |    492 |   1369 |   2 | 1490.0 |
      Ice Cave |   1076 |   1076 |      0 |    621 |      4 |   1 | 1076.0 |
               +--------+--------+--------+--------+--------+-----+--------+

Top non-repeatable levels by time:
    D:10: 2192 daAuts
    D:12: 2084 daAuts
    D:14: 2068 daAuts
  Lair:4: 1817 daAuts
  Lair:5: 1816 daAuts
  Lair:2: 1796 daAuts
   Orc:2: 1747 daAuts
  Lair:1: 1539 daAuts
    D:13: 1439 daAuts
    D:11: 1422 daAuts
     D:4: 1322 daAuts
     D:1: 1291 daAuts
   Orc:1: 1233 daAuts
  Lair:3: 1232 daAuts
     D:2: 1202 daAuts
